AoeStats
← 啤酒肚肥猪

Glade

510513330Analyzed
1v1 RM · 12h ago on Oct 1, 2026· 42m 19s· 2 players
Game mode
Random Map
Map size
Tiny (2 player)
Population
200
Speed
Normal
Resources
Standard
Victory
Conquest
Starting age
Dark Age
Ending age
Imperial Age
RankedLock teamsTeams togetherTeam positionsShared explorationLock speedFull tech treeHidden civsTurbo modeCheats
Victory
Defeat
🇭🇰 Cumans · Hong Kong SAR China
1481
+18
🇳🇱 Byzantines · Netherlands
1517
-18
啤酒肚肥猪
9:47 Feudal Age
16:57 Double-Bit Axe
17:45 Loom
21:10 Wheelbarrow
21:19 Stone Mining
23:32 Horse Collar
26:05 Castle Age
24:29 Fletching
26:19 Gold Mining
26:14 Horse Collar
27:27 Bodkin Arrow
27:48 Bow Saw
28:42 Bloodlines
28:04 Capped Ram
29:09 Padded Archer Armor
32:33 Light Cavalry
33:54 Scale Barding Armor
34:00 Forging
36:30 Imperial Age
35:05 Hand Cart
35:54 Chain Barding Armor
36:09 Iron Casting
37:39 Guilds
41:41 Gold Shaft Mining
43:31 Chemistry
42:51 Ballistics
ConsciousCactus
7:28 Loom
10:34 Feudal Age
11:04 Double-Bit Axe
10:44 Man-at-Arms
12:07 Double-Bit Axe
12:48 Fletching
26:32 Castle Age
25:28 Padded Archer Armor
26:14 Forging
26:10 Stone Mining
27:54 Horse Collar
30:50 Scale Barding Armor
30:19 Crossbowman
34:53 Bodkin Arrow
40:05 Imperial Age
40:01 Thumb Ring
Connection lost

Rejoining the realm…

Still unreachable

The connection could not be restored.

Session expired

The server has moved on; the page needs a fresh start.